 Dungeon Crawl Stone Soup version 0.19.0-16-g73b5abf (webtiles) character file.

252422 Chiseanne the Tortoise (level 18, -12/140 HPs)
             Began as a Demonspawn Wizard on Nov 10, 2016.
             Was an Initiate of Gozag.
             Mangled by a deep troll earth mage (13 damage)
             ... on level 1 of the Depths.
             The game lasted 04:02:19 (71326 turns).

Chiseanne the Tortoise (Demonspawn Wizard)         Turns: 71326, Time: 04:02:19

Health: -12/140    AC: 22    Str: 13    XL:     18   Next: 96%
Magic:  0/27       EV: 22    Int: 29    God:    Gozag
Gold:   1266       SH:  0    Dex: 16    Spells: 5 memorised, 17 levels left

rFire  + . .     SeeInvis .     g - +6 executioner's axe (freeze)
rCold  . . .     Gourm    .     l - +3 scale mail of Inquiry {rF+ rN+ Dex+2}
rNeg   + . .     Faith    .     (shield currently unavailable)
rPois  +         Spirit   +     b - +2 hat
rElec  .         Reflect  .     U - +2 cloak {MR+}
rCorr  .         Harm     .     m - +2 pair of gloves {archery}
MR     ++...                    (boots unavailable)
Stlth  ++++++....               P - amulet of guardian spirit
                                O - ring "Addom" {+Inv rPois Str+4 Int+7 Dex-2}
                                C - +4 ring of slaying

@: singing, gold aura, repel missiles
A: hooves 3, repulsion field 3, demonic guardian 1, nightstalker 3
a: Potion Petition, Call Merchant, Bribe Branch, Renounce Religion, Stop
Singing, Evoke Invisibility
}: 2/15 runes: decaying, serpentine


You were on level 1 of the Depths.
You worshipped Gozag.
Gozag was most pleased with you.
You were not hungry.

You visited 8 branches of the dungeon, and saw 34 of its levels.
You also visited: Labyrinth, Ice Cave and Volcano.

You collected 18204 gold pieces.
You spent 8072 gold pieces at shops.
You paid 8866 gold pieces to Gozag.

Inventory:

Hand Weapons
 a - the +7 Spriggan's Knife {MR+ EV+4 Dex+4 Stlth+}
   (You bought it in a shop on level 15 of the Dungeon)

   It affects your evasion (+4).
   It affects your dexterity (+4).
   It affects your resistance to hostile enchantments.
   It makes you more stealthy.
 d - the +9 rapier of Death's Door {pierce, rC+}
   (You bought it in a shop on level 15 of the Dungeon)

   It inflicts extra damage upon your enemies.
   It protects you from cold.
 e - a +5 longbow of freezing
 f - a +2 great sword of flaming
 g - a +6 executioner's axe of freezing (weapon)
 h - the +8 spear of Impatience {protect, +Blink rElec Str-5 Stlth+}
   (You found it on level 5 of the Lair of Beasts)

   It protects the one who uses it against injury (+AC on strike).
   It affects your strength (-5).
   It insulates you from electricity.
   It lets you blink.
   It makes you more stealthy.
 s - the +7 falchion of the Pit {venom, Str+5 Dex-2}
   (You found it on level 10 of the Dungeon)

   It poisons the flesh of those it strikes.
   It affects your strength (+5).
   It affects your dexterity (-2).
 w - a +9 blowgun
Missiles
 y - a throwing net (quivered)
 F - 1163 arrows
 K - 12 needles of paralysis
 M - 11 curare-tipped needles
Armour
 b - a +2 hat (worn)
 l - the +3 scale mail of Inquiry (worn) {rF+ rN+ Dex+2}
   (You bought it in a shop on level 2 of the Orcish Mines)

   It affects your dexterity (+2).
   It protects you from fire.
   It protects you from negative energy.
 m - a +2 pair of gloves of archery (worn)
 U - a +2 cloak of magic resistance (worn)
Jewellery
 C - a +4 ring of slaying (left hand)
 O - the ring "Addom" (right hand) {+Inv rPois Str+4 Int+7 Dex-2}
   (You bought it in a shop on level 9 of the Dungeon)

   [ring of poison resistance]

   It affects your strength (+4).
   It affects your intelligence (+7).
   It affects your dexterity (-2).
   It protects you from poison.
   It lets you turn invisible.
 P - an amulet of guardian spirit (around neck)
 T - the ring "Sitarph" {*Slow MR+ SInv Stlth+}
   (You took it off a minotaur in a labyrinth)

   [ring of protection from magic]

   It affects your resistance to hostile enchantments.
   It lets you see invisible.
   It may slow you when you take damage.
   It makes you more stealthy.
Wands
 k - a wand of lightning (6/15)
 r - a wand of disintegration (1/24)
 u - a wand of teleportation (3/9)
 A - a wand of teleportation (3/9)
Scrolls
 c - 6 scrolls of identify
 p - 3 scrolls of magic mapping
 t - 2 scrolls of enchant armour
 E - a scroll of amnesia
 Q - a scroll of recharging
 S - 6 scrolls of remove curse
Potions
 i - 7 potions of curing
 n - a potion of cancellation
 o - a potion of magic
 B - 2 potions of resistance
 G - a potion of ambrosia
 J - a potion of flight
Books
 D - a book of Misfortune

   Spells                             Type                      Level
   a - Confusing Touch                Hexes                        1
   b - Confuse                        Hexes                        3
   c - Gell's Gravitas                Hexes/Translocation          3
   d - Petrify                        Transmutation/Earth          4
   e - Metabolic Englaciation         Hexes/Ice                    5
   f - Yara's Violent Unravelling     Hexes/Transmutation          5
Miscellaneous
 q - a fan of gales
Comestibles
 j - 6 fruits
 v - 2 royal jellies
 x - 3 bread rations
 z - 2 meat rations


   Skills:
 * Level 11.9 Fighting
 - Level 5.5(8.2) Short Blades
 - Level 9.5(10.1) Long Blades
 - Level 10.1 Axes
 - Level 8.7 Bows
 - Level 5.0 Throwing
 * Level 15.3 Armour
 - Level 13.8 Dodging
 - Level 11.1 Stealth
 - Level 6.1 Spellcasting
 - Level 3.1 Conjurations
 - Level 1.8 Charms
   Level 1.0 Summonings
 - Level 6.2 Translocations
 - Level 5.4 Evocations


You had 17 spell levels left.
You knew the following spells:

 Your Spells              Type           Power        Failure   Level  Hunger
a - Shroud of Golubria    Chrm/Tloc      ####......   6%          2    None
b - Mephitic Cloud        Conj/Pois/Air  ##......     34%         3    None
c - Blink                 Tloc           N/A          1%          2    None
d - Song of Slaying       Chrm           ###.....     14%         2    None
e - Spectral Weapon       Hex/Chrm       ##......     38%         3    None


Dungeon Overview and Level Annotations

Branches:
Dungeon (15/15)            Temple (1/1) D:6            Lair (6/6) D:10
  Swamp (4/4) Lair:2        Snake (4/4) Lair:2        Slime (0/5) Lair:6
    Orc (2/2) D:11            Elf (0/3) Orc:2        Vaults (1/5) D:13
 Depths (1/5) D:15

Altars:
Ashenzari
Cheibriados
Dithmenos
Elyvilon
Fedhas
Gozag
Hepliaklqana
Kikubaaqudgha
Makhleb
Nemelex Xobeh
Okawaru
Qazlal
Ru
Sif Muna
Trog
Uskayaw
Vehumet
Xom
Yredelemnul
Zin
The Shining One
Beogh
Jiyva

Shops:
D:9 =   D:10 [   D:11 ([   D:12 *   D:15 =(=   Orc:1 [   Orc:2 }(([[
Snake:3 *

Portals:
Hell: Depths:1

Annotations:
D:3 Terence
D:4 Nicoed's ghost, novice OpTm
D:15 exclusion: Roxanne, Roxanne
Lair:5 exclusion: 2 oklob plants
Swamp:1 exclusion: downstairs
Snake:2 esc's ghost, adept DsWn
Orc:2 exclusion: upstairs
Vaults:1 Aizul


Innate Abilities, Weirdness & Mutations

You have hooves in place of feet.
You are surrounded by a strong repulsion field. (EV +4, RMsl)
A weak demonic guardian rushes to your aid.
You are completely attuned to the shadows.


Message History

The deep troll earth mage is distracted by the nearby gold.
The deep troll earth mage shouts!
You barely miss the deep troll earth mage.
The deep troll earth mage is no longer distracted by gold.
Your kick misses the deep troll earth mage.
The deep troll earth mage is severely wounded.
You hit the deep troll but do no damage.
You slash the deep troll earth mage! You freeze the deep troll earth mage!
The deep troll earth mage barely misses you. x2
The deep troll earth mage misses you. The deep troll bites you!
* * * LOW HITPOINT WARNING * * *
The deep troll claws you.
* * * LOW HITPOINT WARNING * * *
The deep troll claws you!
* * * LOW HITPOINT WARNING * * *
The deep troll earth mage bites you but does no damage.
The deep troll earth mage claws you but does no damage.
The deep troll earth mage misses you. The deep troll earth mage bites you!
You die...
Your body crumbles into a pile of gold.

##'####
#######'##.#))......#
.....[#
.........)#.#..##..#.#
......#
......>...###.#...#..#
......+
..........'.#.....#..#
......#
..........#.....##...#
'######
..........###..#.....#
..# ####.#.####
#......### #.### #..#
###.#.## #...# #T@#
#...# ###'### #..$TT#
###.# ......# #.....#
####.#### ......#
#.....+ ....[....
......#######.....#
####.####
......#.....# #.#
......(.##### #.#
..^...### #.# ......#
#..


You could see a deep troll and 2 deep troll earth magi.

Vanquished Creatures
  Vashnia (Snake:4)
  Saint Roka (Vaults:1)
  Rupert (Orc:2)
  2 acid blobs (Lair:6)
  A frost giant (Depths:1)
  4 nagarajas (Snake:4)
  A vault warden (Vaults:1)
  3 ironheart preservers (Vaults:1)
  2 stone giants (Depths:1)
  Nessos (D:15)
  A fire dragon (Lair:6)
  A minotaur (Lab)
  3 ettins
  3 great orbs of eyes
  A yaktaur captain (Vaults:1)
  The ghost of esc the Carver, a journeyman MiCK of Xom (Lair:1)
  A rakshasa (Vaults:1)
  3 ghost crabs
  3 ice dragons
  18 naga warriors
  20 hydras
  7 vault guards
  6 anacondas
  6 centaur warriors
  4 alligators
  13 death yaks
  The ghost of confidenceinterval the Protected, a novice MiGl of Okawaru (D:9)
  A hell hog (Depths:1)
  3 ogre magi
  2 vampire magi (Depths:1)
  A deep troll shaman (Vaults:1)
  23 naga sharpshooters
  3 tengu warriors
  6 shock serpents
  2 orc high priests (Orc:2)
  A hell knight (Volcano)
  A deep elf knight (Vaults:1)
  Nergalle (Lair:1)
  A salamander mystic (Snake:4)
  A sun demon (Volcano)
  6 unseen horrors
  4 deep trolls
  An unseen horror (shapeshifter) (Vaults:1)
  2 wizards
  7 swamp dragons
  A lindwurm (Lair:5)
  9 naga ritualists (Snake:4)
  A hill giant (shapeshifter) (Vaults:1)
  A spriggan druid (Swamp:2)
  A necromancer (Swamp:4)
  4 ironbrand convokers (Vaults:1)
  A deep elf archer (D:13)
  A deep elf mage (D:15)
  5 orc knights
  2 wolf spiders
  4 orc sorcerers
  7 mana vipers
  18 ugly things
  5 cyclopes
  12 salamanders
  3 manticores
  A guardian serpent (shapeshifter) (D:14)
  A vault sentinel (Vaults:1)
  7 elephants
  7 guardian serpents
  34 naga magi
  3 ice statues (IceCv)
  Maurice (D:11)
  2 molten gargoyles (Volcano)
  32 black mambas
  19 spiny frogs
  2 centaur zombies (D:10)
  A gargoyle (D:13)
  A torpor snail (Lair:6)
  A redback zombie (D:14)
  2 rime drakes (Lair:6)
  An efreet (D:14)
  13 komodo dragons
  7 yaktaurs
  A tengu conjurer (Depths:1)
  3 trolls
  3 red devils (Volcano)
  5 hornets
  A polar bear (Lair:6)
  13 hippogriffs
  A hornet (shapeshifter) (Vaults:1)
  5 tyrant leeches
  7 bog bodies
  13 two-headed ogres
  10 slime creatures
  3 blink frogs (Lair:3)
  Sigmund (D:3)
  A vampire (D:14)
  Eustachio (D:5)
  6 spriggans
  60 yaks
  A spriggan (shapeshifter) (D:13)
  4 wyverns
  A shadow (Swamp:1)
  6 basilisks
  3 steam dragons (Lair:6)
  2 hungry ghosts (D:13)
  3 fire bats (Lair:5)
  20 vampire mosquitoes
  3 mottled dragons
  A steam dragon (shapeshifter) (D:13)
  4 wargs
  11 swamp worms
  6 insubstantial wisps
  58 nagas
  A soldier ant (D:11)
  A soldier ant (shapeshifter) (Vaults:1)
  11 swamp drakes
  12 water moccasins
  8 hell hounds (Depths:1)
  10 porcupines
  2 black bears
  37 orc warriors
  5 sky beasts
  A swamp dragon zombie (Swamp:4)
  10 ice beasts
  2 eyes of draining
  2 phantoms
  4 necrophages
  An ogre (shapeshifter) (D:13)
  5 wolves (Lair:2)
  19 ogres
  11 crocodiles
  19 centaurs
  A big kobold (D:8)
  25 bullfrogs
  3 water moccasin zombies (Swamp:4)
  7 scorpions
  A wyvern skeleton (D:13)
  17 killer bees
  7 howler monkeys
  10 wights
  4 electric eels
  6 crimson imps
  2 bullfrog zombies
  4 lava snakes
  8 hounds
  A quasit (D:8)
  4 jellies
  2 bullfrog skeletons
  26 orc priests
  31 orc wizards
  3 centaur skeletons
  Crazy Yiuf (D:3)
  Ijyb (D:3)
  6 iguanas
  10 worker ants
  A crocodile zombie (Swamp:4)
  A bullfrog simulacrum (D:13)
  2 hound skeletons
  7 gnolls
  A worker ant zombie (D:11)
  12 adders
  8 shadow imps
  12 white imps (Lair:2)
  7 oozes
  3 worms
  3 dart slugs
  6 leopard geckos
  98 orcs
  10 bats
  4 giant cockroaches
  5 goblins
  9 hobgoblins
  3 quokkas
  7 frilled lizards
  2 jackal skeletons (D:5)
  14 kobolds
  8 rats
  A bush (D:14)
  3 fungi
  5 plants
1215 creatures vanquished.

Vanquished Creatures (collateral kills)
  A yaktaur captain (Vaults:1)
  3 hydras
  An anaconda (Snake:2)
  A death yak (Lair:5)
  Sonja (Lair:3)
  A deep troll (Vaults:1)
  An unseen horror (D:14)
  3 hill giants
  A slime creature (Depths:1)
  An elephant (D:10)
  A centaur zombie (D:12)
  A guardian serpent (Snake:3)
  2 centaur skeletons
  3 two-headed ogres
  Prince Ribbit (D:6)
  8 yaks
  A wyvern (D:8)
  A naga (Snake:1)
  Edmund (D:6)
  An ice beast (D:7)
  2 orc warriors
  A black bear (D:9)
  An eye of draining (D:10)
  2 ogres
  A centaur (D:11)
  2 bullfrogs
  2 killer bees (D:10)
  2 wights
  A howler monkey (D:6)
  3 orc wizards
  An adder (D:6)
  A leopard gecko (D:9)
  2 orcs (Vaults:1)
55 creatures vanquished.

Vanquished Creatures (others)
  A frost giant (D:15)
  A yaktaur captain (Vaults:1)
  A hell hog (Depths:1)
  2 naga sharpshooters
  A rime drake (Swamp:4)
  A troll (D:15)
  A mottled dragon (Lair:6)
  3 swamp drakes
  2 wights (D:10)
  An orc (Orc:2)
  A bush (D:14)
  17 fungi
  11 plants
43 creatures vanquished.

Grand Total: 1313 creatures vanquished

Notes
Turn   | Place    | Note
-------+----------+-------------------------------------------
     0 | D:1      | Chiseanne the Demonspawn Wizard began the quest for the Orb.
     0 | D:1      | Reached XP level 1. HP: 13/13 MP: 4/4
     6 | D:1      | Noticed a lindwurm
     6 | D:1      | Noticed a black bear
     7 | D:1      | Noticed a seven-headed hydra
     7 | D:1      | Noticed a black mamba
   546 | D:1      | Gained mutation: You are surrounded by a mild repulsion field. (EV +2) [demonic ancestry]
   546 | D:1      | Reached XP level 2. HP: 19/19 MP: 0/6
  2208 | D:1      | Reached XP level 3. HP: 24/24 MP: 0/8
  2734 | D:2      | Found a shadowy altar of Dithmenos.
  3369 | D:2      | Reached XP level 4. HP: 30/30 MP: 1/9
  3865 | D:2      | Found a shattered altar of Ashenzari.
  4013 | D:3      | Noticed Ijyb
  4059 | D:3      | Killed Ijyb
  4584 | D:3      | Gained mutation: You are slightly more attuned to the shadows. [demonic ancestry]
  4584 | D:3      | Reached XP level 5. HP: 35/35 MP: 3/11
  4778 | D:3      | Noticed Terence
  4869 | D:3      | Noticed Sigmund
  4875 | D:3      | Learned a level 3 spell: Mephitic Cloud
  4878 | D:3      | Learned a level 2 spell: Blink
  4893 | D:3      | Gained mutation: You have a pair of small antennae on your head. [potion of mutation]
  4893 | D:3      | Gained mutation: You are clumsy. (Dex -2) [potion of mutation]
  4893 | D:3      | Lost mutation: You are clumsy. (Dex -2) [potion of mutation]
  4905 | D:3      | Killed Sigmund
  4905 | D:3      | Reached skill level 1 in Fighting
  4905 | D:3      | Gained mutation: You are significantly more attuned to the shadows. [demonic ancestry]
  4905 | D:3      | Reached XP level 6. HP: 31/44 MP: 7/12
  5540 | D:3      | Found a runed door.
  5546 | D:3      | Noticed Crazy Yiuf
  5554 | D:3      | Killed Crazy Yiuf
  5696 | D:4      | Noticed Nicoed's ghost (novice OpTm)
  5993 | D:5      | Entered Level 5 of the Dungeon
  6336 | D:5      | Reached XP level 7. HP: 35/52 MP: 0/13
  7570 | D:5      | Noticed Eustachio
  7604 | D:5      | Killed Eustachio
  8101 | D:6      | Reached skill level 5 in Stealth
  8101 | D:6      | Gained mutation: A weak demonic guardian rushes to your aid. [demonic ancestry]
  8101 | D:6      | Reached XP level 8. HP: 61/61 MP: 6/14
  8328 | D:6      | Noticed Prince Ribbit
  8330 | D:6      | Reached skill level 5 in Dodging
  8352 | D:6      | Killed Prince Ribbit
  8518 | D:6      | Noticed Edmund
  8532 | D:6      | Killed Edmund
  8532 | D:6      | Reached skill level 5 in Fighting
  8826 | D:6      | Found a staircase to the Ecumenical Temple.
  9000 | D:6      | Found a sparkling altar of Nemelex Xobeh.
  9069 | Temple   | Entered the Ecumenical Temple
  9285 | Temple   | Became a worshipper of Gozag Ym Sagoz the Greedy
 10045 | D:7      | Found a hazy altar of Hepliaklqana.
 10167 | D:7      | Gained mutation: You are surrounded by a moderate repulsion field. (EV +3) [demonic ancestry]
 10167 | D:7      | Reached XP level 9. HP: 69/69 MP: 9/15
 10565 | D:7      | Found a white marble altar of Elyvilon.
 11721 | D:8      | Found a basalt altar of Yredelemnul.
 11835 | D:8      | Found a snail-covered altar of Cheibriados.
 12846 | D:9      | Noticed confidenceinterval's ghost (novice MiGl)
 12850 | D:9      | Got a warped spear
 12860 | D:9      | Killed confidenceinterval's ghost
 12860 | D:9      | Gained mutation: You have large cloven feet. [demonic ancestry]
 12860 | D:9      | Reached XP level 10. HP: 62/80 MP: 16/16
 13540 | D:9      | Identified a scroll of acquirement
 13915 | D:9      | Bought the ring "Addom" {+Inv rPois Str+4 Int+7 Dex-2} for 793 gold pieces
 13916 | D:9      | Bought an uncursed amulet of guardian spirit for 450 gold pieces
 14487 | D:10     | Entered Level 10 of the Dungeon
 14796 | D:10     | Identified the Grimoire of Bewitching Lightness
 15027 | D:10     | Noticed a death yak
 15245 | D:10     | Noticed an elephant
 15893 | D:10     | Got a smoking falchion
 16148 | D:10     | Killed an elephant
 16996 | D:10     | Gained mutation: You have hoof-like feet. [demonic ancestry]
 16996 | D:10     | Reached XP level 11. HP: 74/89 MP: 9/17
 17132 | D:10     | Killed an unseen horror
 17485 | D:10     | Reached skill level 10 in Stealth
 17544 | D:10     | Killed a death yak
 17654 | D:10     | Reached skill level 10 in Fighting
 17664 | D:10     | Found a staircase to the Lair.
 17695 | D:10     | Bought a spiked ring mail for 261 gold pieces
 17695 | D:10     | Bought an embroidered cloak for 304 gold pieces
 17697 | Lair:1   | Entered Level 1 of the Lair of Beasts
 17818 | Lair:1   | Identified the cursed +0 ring mail of the Catamount {Dex+4} (You bought it in a shop on level 10 of the Dungeon)
 17870 | Lair:1   | Identified the +7 falchion of the Pit {venom, Str+5 Dex-2} (You found it on level 10 of the Dungeon)
 18102 | Lair:1   | Noticed esc's ghost (journeyman MiCK)
 18217 | D:10     | Killed an unseen horror
 18217 | D:10     | Reached skill level 1 in Long Blades
 18217 | D:10     | Reached skill level 1 in Armour
 18511 | D:11     | Found a staircase to the Orcish Mines.
 18556 | D:11     | Found a labyrinth entrance.
 18563 | Lab      | Entered a labyrinth
 18889 | Lab      | Noticed a minotaur
 18924 | Lab      | Killed a minotaur
 18924 | Lab      | Reached skill level 2 in Armour
 18926 | Lab      | Got a crude bronze ring
 19114 | D:11     | Identified the ring "Sitarph" {*Slow MR+ SInv Stlth+} (You took it off a minotaur in a labyrinth)
 19245 | D:11     | Found Vyobbevve's Antique Armour Shoppe.
 19347 | D:11     | Noticed Maurice
 19356 | D:11     | Killed Maurice
 19375 | D:11     | Reached skill level 10 in Dodging
 19424 | D:11     | Reached skill level 3 in Armour
 19904 | D:11     | Noticed a green ugly thing
 19917 | D:11     | Killed a green ugly thing
 20118 | D:11     | Reached XP level 12. HP: 85/97 MP: 15/18
 20526 | Orc:1    | Entered Level 1 of the Orcish Mines
 20877 | D:11     | Reached skill level 4 in Armour
 21388 | Orc:1    | Found Xumij's Antique Armour Emporium.
 21559 | D:11     | Bought a transparent morningstar for 270 gold pieces
 21560 | D:11     | Identified the +6 morningstar of Pride {antimagic, +Blink} (You bought it in a shop on level 11 of the Dungeon)
 21570 | Orc:2    | Entered Level 2 of the Orcish Mines
 21570 | Orc:2    | Noticed Rupert
 21694 | Orc:2    | Reached skill level 1 in Bows
 21695 | Orc:2    | Found a shimmering altar of Xom.
 22439 | Orc:2    | Found a staircase to the Elven Halls.
 22667 | Orc:2    | Found a roughly hewn altar of Beogh.
 22686 | Orc:2    | Noticed an ettin
 22822 | Orc:2    | Killed an ettin
 22822 | Orc:2    | Reached skill level 5 in Armour
 22913 | Orc:2    | Found Syorgh's Weapon Emporium.
 22953 | Orc:2    | Found a roughly hewn altar of Beogh.
 23096 | Orc:2    | Found a roughly hewn altar of Beogh.
 23098 | Orc:2    | Found Irumpeov's Gadget Shoppe.
 23171 | Orc:2    | Killed Rupert
 23171 | Orc:2    | Reached skill level 5 in Long Blades
 23298 | Orc:2    | Found a roughly hewn altar of Beogh.
 23418 | Orc:2    | Noticed an orc high priest
 23638 | Orc:2    | Noticed an orc high priest
 23647 | Orc:2    | Killed an orc high priest
 23653 | Orc:2    | Killed an orc high priest
 23735 | Orc:2    | Found a roughly hewn altar of Beogh.
 23738 | Orc:2    | Found Qoliop's Armour Emporium.
 23777 | Orc:2    | Bought the +3 scale mail of Inquiry {rF+ rN+ Dex+2} for 662 gold pieces
 23856 | Orc:2    | Reached skill level 6 in Armour
 23980 | Orc:2    | Found Umups's Antique Weapon Boutique.
 23982 | Orc:2    | Found a roughly hewn altar of Beogh.
 23987 | Orc:2    | Found Pofreu's Antique Armour Shop.
 24010 | Orc:2    | Bought a translucent hunting sling for 240 gold pieces
 24011 | Orc:2    | Identified the +7 hunting sling of the Eternal Void {freeze, Str+4} (You bought it in a shop on level 2 of the Orcish Mines)
 24529 | D:12     | Gained mutation: You have hooves in place of feet. [demonic ancestry]
 24529 | D:12     | Reached XP level 13. HP: 100/103 MP: 17/19
 24835 | D:12     | Found Siaff's General Store.
 24843 | D:12     | Bought a scroll of fear for 56 gold pieces
 24843 | D:12     | Bought a bread ration for 80 gold pieces
 24843 | D:12     | Bought a beef jerky for 24 gold pieces
 24843 | D:12     | Bought a scroll of enchant weapon for 120 gold pieces
 26076 | D:13     | Reached skill level 5 in Bows
 26322 | D:12     | Reached skill level 7 in Armour
 27175 | D:13     | Found a gate to the Vaults.
 28875 | D:14     | Reached skill level 8 in Armour
 28876 | D:14     | Gained mutation: You are completely attuned to the shadows. [demonic ancestry]
 28876 | D:14     | Reached XP level 14. HP: 54/110 MP: 15/20
 30293 | D:15     | Entered Level 15 of the Dungeon
 30729 | D:15     | Noticed Nessos
 30762 | D:15     | Killed Nessos
 31331 | D:15     | Found a staircase to the Depths.
 31331 | D:15     | Noticed a frost giant
 31502 | D:15     | Bought a steaming war axe for 263 gold pieces
 31502 | D:15     | Bought a steaming rapier for 279 gold pieces
 31502 | D:15     | Bought an ebony dagger for 217 gold pieces
 31504 | D:15     | Identified the +5 war axe "Olil Xigi" {antimagic, rPois rN+} (You bought it in a shop on level 15 of the Dungeon)
 31517 | D:15     | Identified the +9 rapier of Death's Door {pierce, rC+} (You bought it in a shop on level 15 of the Dungeon)
 31518 | D:15     | Identified the +10 dagger of Chance {pierce, rF+ Str+2 Int-4} (You bought it in a shop on level 15 of the Dungeon)
 31534 | D:15     | Killed a frost giant
 31787 | D:15     | Noticed Roxanne
 32506 | D:10     | Bought a pair of runed gloves for 304 gold pieces
 33082 | Lair:1   | Noticed Nergalle
 33098 | Lair:1   | Killed Nergalle
 33098 | Lair:1   | Reached skill level 9 in Armour
 33297 | Lair:1   | Killed esc's ghost
 34287 | Lair:2   | Found a staircase to the Swamp.
 34340 | Lair:2   | Found a staircase to the Snake Pit.
 34530 | Lair:2   | Found a frozen archway.
 34596 | IceCv    | Entered an ice cave
 35936 | Lair:2   | Reached skill level 1 in Short Blades
 36363 | Lair:3   | Noticed Sonja
 36379 | Lair:3   | Killed Sonja
 36736 | Lair:3   | Gained mutation: You are surrounded by a strong repulsion field. (EV +4, RMsl) [demonic ancestry]
 36736 | Lair:3   | Reached XP level 15. HP: 115/115 MP: 21/21
 36791 | Lair:3   | Reached skill level 1 in Throwing
 38854 | Lair:5   | Found a dark tunnel.
 38858 | Volcano  | Entered a volcano
 39120 | Volcano  | Found a burning altar of Makhleb.
 39354 | Lair:5   | Reached skill level 10 in Armour
 39367 | Lair:5   | Got a crude spear
 39376 | Lair:5   | Identified the +8 spear of Impatience {protect, +Blink rElec Str-5 Stlth+} (You found it on level 5 of the Lair of Beasts)
 40669 | Lair:6   | Entered Level 6 of the Lair of Beasts
 40822 | Lair:6   | Found a runed door.
 40823 | Lair:6   | Found a viscous altar of Jiyva.
 40823 | Lair:6   | Noticed an acid blob
 40824 | Lair:6   | Noticed an acid blob
 40825 | Lair:6   | Found a staircase to the Slime Pits.
 41148 | Lair:6   | HP: 5/115 [acid (6)]
 41662 | Lair:6   | Killed an acid blob
 41838 | Lair:6   | Killed an acid blob
 42788 | Lair:6   | Reached skill level 5 in Short Blades
 43487 | Lair:6   | Reached skill level 5 in Throwing
 43839 | Swamp:1  | Entered Level 1 of the Swamp
 44394 | D:15     | Reached XP level 16. HP: 119/122 MP: 20/22
 44445 | D:15     | Bought the +7 Spriggan's Knife {MR+ EV+4 Dex+4 Stlth+} for 2405 gold pieces
 44451 | D:15     | Bought a glowing blowgun for 263 gold pieces
 44486 | D:15     | Learned a level 2 spell: Shroud of Golubria
 44741 | Swamp:2  | Reached skill level 1 in Translocations
 44761 | Swamp:2  | Noticed a thorn hunter
 45159 | Swamp:2  | Reached skill level 1 in Axes
 45184 | Swamp:2  | Reached skill level 11 in Armour
 46355 | Swamp:4  | Entered Level 4 of the Swamp
 46370 | Swamp:3  | Reached skill level 5 in Spellcasting
 46583 | Swamp:4  | Noticed a thorn hunter
 46671 | Swamp:3  | Found a hazy altar of Hepliaklqana.
 49263 | Swamp:4  | Got a decaying rune of Zot
 49571 | Vaults:1 | Entered Level 1 of the Vaults
 49689 | D:15     | Learned a level 2 spell: Song of Slaying
 49722 | D:15     | Bought a cursed ring of teleportation for 81 gold pieces
 50211 | Vaults:1 | Reached skill level 1 in Evocations
 50679 | Vaults:1 | Reached skill level 5 in Translocations
 51588 | Vaults:1 | Reached skill level 12 in Armour
 51593 | Vaults:1 | Reached skill level 5 in Axes
 52159 | Vaults:1 | Noticed Saint Roka
 52196 | Vaults:1 | Killed Saint Roka
 52196 | Vaults:1 | Reached XP level 17. HP: 116/128 MP: 22/26
 53874 | Vaults:1 | Noticed Aizul
 55654 | Snake:1  | Entered Level 1 of the Snake Pit
 55820 | Snake:1  | Reached skill level 5 in Evocations
 55884 | Snake:1  | Reached skill level 1 in Charms
 58461 | Snake:2  | Noticed esc's ghost (adept DsWn)
 59336 | Snake:2  | Reached skill level 13 in Armour
 61721 | Snake:3  | Found Ufoofamp's General Store.
 61726 | Snake:3  | Bought a potion of cure mutation for 375 gold pieces
 61726 | Snake:3  | Bought a bread ration for 75 gold pieces
 61726 | Snake:3  | Bought a slice of pizza for 22 gold pieces
 64074 | Snake:4  | Entered Level 4 of the Snake Pit
 64154 | Snake:4  | Reached XP level 18. HP: 61/134 MP: 8/27
 64657 | Snake:4  | Noticed Vashnia
 65516 | Snake:4  | HP: 2/134 [naga sharpshooter/arrow[Vashnia] (13)]
 66144 | Snake:4  | Reached skill level 14 in Armour
 66877 | Snake:4  | Killed Vashnia
 66877 | Snake:4  | Reached skill level 10 in Axes
 69604 | Snake:4  | Got a serpentine rune of Zot
 70002 | D:15     | Lost mutation: You have a pair of small antennae on your head. [potion of cure mutation]
 70009 | D:15     | Learned a level 3 spell: Spectral Weapon
 70018 | D:15     | Bought 4 fruits for 72 gold pieces
 70018 | D:15     | Bought a royal jelly for 24 gold pieces
 70018 | D:15     | Bought a bread ration for 60 gold pieces
 70018 | D:15     | Bought a bread ration for 60 gold pieces
 70018 | D:15     | Bought 3 fruits for 54 gold pieces
 70018 | D:15     | Bought a royal jelly for 24 gold pieces
 70018 | D:15     | Bought a meat ration for 60 gold pieces
 70018 | D:15     | Bought a meat ration for 60 gold pieces
 70018 | D:15     | Bought 3 fruits for 54 gold pieces
 70018 | D:15     | Bought a bread ration for 60 gold pieces
 70037 | Depths:1 | Entered Level 1 of the Depths
 70043 | Depths:1 | Reached skill level 15 in Armour
 70081 | Depths:1 | Found a gateway to Hell.
 71326 | Depths:1 | HP: 1/140 [deep troll (7)]
 71326 | Depths:1 | Mangled by a deep troll earth mage

Skill      XL: |  1  2  3  4  5  6  7  8  9 10 11 12 13 14 15 16 17 18 |
---------------+-------------------------------------------------------+-----
Dodging        | 2 3 4 6 7 9 10 11 12 13 | 13.8
Conjurations   | 2 3 |  3.1
Spellcasting   | 4 6 |  6.1
Fighting       | 1 3 4 5 7 9 10 11 | 11.9
Stealth        | 2 3 5 6 8 9 11 | 11.1
Long Blades    | 3 6 8 9 |  9.5
Armour         | 3 6 8 9 10 12 13 15 | 15.3
Bows           | 4 6 8 |  8.7
Short Blades   | 1 5 |  5.5
Throwing       | 5 |  5.0
Translocations | 5 6 |  6.2
Axes           | 5 8 10 | 10.1
Evocations     | 3 5 |  5.4
Charms         | 1 |  1.8
Summonings     | |  1.0

Action                   |  1- 3 |  4- 6 |  7- 9 | 10-12 | 13-15 | 16-18 || total
-------------------------+-------+-------+-------+-------+-------+-------++-------
Melee: Whip              |    39 |    71 |   221 |   271 |       |       ||   602
       Dagger            |       |       |    28 |    14 |    96 |     2 ||   140
       Quarterstaff      |       |       |       |    16 |       |       ||    16
       Falchion          |       |       |       |   474 |   824 |   385 ||  1683
       Kick              |       |       |       |       |   508 |   600 ||  1108
       Morningstar       |       |       |       |       |    43 |       ||    43
       Scimitar          |       |       |       |       |   105 |       ||   105
       Hand axe          |       |       |       |       |     1 |       ||     1
       Rapier            |       |       |       |       |    87 |    43 ||   130
       Executioner's axe |       |       |       |       |   121 |  1035 ||  1156
       Great sword       |       |       |       |       |    10 |    53 ||    63
       Knife             |       |       |       |       |       |   199 ||   199
       Spear             |       |       |       |       |       |    41 ||    41
 Fire: Longbow           |       |       |       |   123 |   181 |   204 ||   508
       Blowgun           |       |       |       |     2 |     5 |     1 ||     8
Throw: Throwing net      |       |       |       |     2 |     1 |       ||     3
 Cast: Magic Dart        |   114 |   148 |   311 |   157 |       |       ||   730
       Mephitic Cloud    |       |     8 |    11 |    52 |     8 |     3 ||    82
       Blink             |       |     1 |       |     6 |       |    12 ||    19
       Shroud of Golubri |       |       |       |       |       |    63 ||    63
       Song of Slaying   |       |       |       |       |       |    23 ||    23
Invok: Call Merchant     |       |       |       |     3 |     1 |     3 ||     7
       Potion Petition   |       |       |       |       |       |     4 ||     4
 Abil: Evoke Invisibilit |       |       |       |       |       |     1 ||     1
Evoke: Wand              |       |       |       |    11 |     7 |    41 ||    59
       Sack of spiders   |       |       |       |       |     7 |     4 ||    11
       Fan of gales      |       |       |       |       |     1 |     5 ||     6
  Use: Scroll            |     2 |     8 |     9 |     9 |    24 |    28 ||    80
       Potion            |       |     4 |       |     4 |     9 |    14 ||    31
 Stab: Sleeping          |       |     1 |     3 |    13 |    66 |    37 ||   120
       Confused          |       |       |     3 |    12 |     1 |     1 ||    17
       Distracted        |       |       |     3 |    15 |    18 |    32 ||    68
       Invisible         |       |       |       |     1 |       |     2 ||     3
       Paralysed         |       |       |       |       |       |     4 ||     4
  Eat: Chunk             |     7 |     9 |     8 |       |       |       ||    24
       Fruit             |       |       |     4 |       |       |     7 ||    11
       Pizza             |       |       |     3 |       |     4 |     3 ||    10
       Bread ration      |       |       |     1 |     6 |     5 |     3 ||    15
       Beef jerky        |       |       |     1 |     1 |     5 |     4 ||    11
       Royal jelly       |       |       |       |     8 |     5 |     1 ||    14
       Meat ration       |       |       |       |       |     5 |    12 ||    17
Armor: Robe              |     9 |    18 |    18 |       |       |       ||    45
       Leather armour    |       |       |    69 |   101 |       |       ||   170
       Ring mail         |       |       |       |   116 |       |       ||   116
       Scale mail        |       |       |       |    29 |   465 |   731 ||  1225
Dodge: Dodged            |    33 |    58 |   314 |   753 |  1241 |  2414 ||  4813
       Deflected         |       |       |       |       |     6 |   169 ||   175
       Rpst.: Falchion   |       |       |       |   124 |   198 |    82 ||   404
       Scimitar          |       |       |       |       |    19 |       ||    19
       Great sword       |       |       |       |       |     1 |    12 ||    13
